 Dungeon Crawl Stone Soup version 0.29-a0-222-g5b244fca1f (webtiles) character file.

Game seed: 2978923175384009046

11221 n8rtot the Brawler (level 11, 0/96 HPs)
             Began as a Troll Fighter on Feb 28, 2022.
             Was a Priest of the Shining One.
             Killed from afar by a rime drake (16 damage)
             ... with a flash freeze
             ... on level 2 of the Lair of Beasts.
             The game lasted 01:03:04 (8688 turns).

n8rtot the Brawler (Troll Fighter)                  Turns: 8688, Time: 01:03:07

Health: 0/96       AC: 12    Str: 30    XL:     11   Next: 46%
Magic:  10/10      EV:  8    Int:  4    God:    the Shining One [***...]
Gold:   669        SH:  8    Dex:  9    Spells: 10/10 levels left

rFire   . . .      SeeInvis .     - Unarmed
rCold   . . .      Faith    .   b - +1 kite shield
rNeg    + + .      Spirit   .   r - +0 steam dragon scales
rPois   .          Reflect  .   (helmet restricted)
rElec   .          Harm     .   E - +0 cloak
rCorr   .          Rampage  .   (gloves unavailable)
Will    .....                   (boots unavailable)
Stlth   +.........              G - amulet of regeneration
HPRegen 1.86/turn               s - +4 ring of protection
MPRegen 0.12/turn               Q - ring of positive energy

@: slowed, glowing, very slow
A: large, unfitting armour, claws 3, regeneration 1, shaggy fur 1, tough skin 1
a: Renounce Religion, Divine Shield, Cleansing Flame


You were on level 2 of the Lair of Beasts.
You worshipped the Shining One.
The Shining One was most pleased with you.
You visited 3 branches of the dungeon, and saw 12 of its levels.
You also visited: Ossuary.

You collected 1751 gold pieces.
You spent 1082 gold pieces at shops.

Inventory:

Hand Weapons
 n - a +5 scythe of freezing
 y - a +2 long sword
 F - a +0 hunting sling
 H - a +4 halberd
 I - a +3 short sword
 J - a +4 spear of freezing
 K - a +0 shortbow
 M - a +1 vampiric short sword
 R - a +5 battleaxe
Missiles
 d - 212 stones
 j - 16 poisoned darts (quivered)
 L - 6 javelins
Armour
 a - a +0 robe
 b - a +1 kite shield (worn)
 r - +0 steam dragon scales (worn)
 A - a +1 scale mail of willpower
 B - the +0 chain mail of Doydel {rF+ rN+ rCorr}
   (You found it on level 6 of the Dungeon)

   rF:        It protects you from fire.
   rN:        It protects you from negative energy.
   rCorr:     It protects you from acid and corrosion.
 E - a +0 cloak (worn)
Jewellery
 s - a +4 ring of protection (left claw)
 G - an amulet of regeneration (around neck)
 P - the amulet "Jainut" {RegenMP Rampage Dex+4}
   (You bought it in a shop on level 7 of the Dungeon)

   [amulet of magic regeneration]

   It increases your rate of magic regeneration.
   Dex:       It affects your dexterity (+4).
   Rampage:   It bestows one free step when moving towards enemies.
 Q - a ring of positive energy (right claw)
 S - a ring of protection from fire
 T - a ring of see invisible
 V - a +4 ring of protection
Wands
 N - a wand of iceblast (4)
 U - a wand of digging (5)
Scrolls
 e - 4 scrolls of fog
 f - 4 scrolls of amnesia
 g - a scroll of fear
 i - 2 scrolls of enchant weapon
 o - 4 scrolls of teleportation
 u - 3 scrolls of noise
 x - 2 scrolls of blinking
 z - 2 scrolls of brand weapon
 C - 4 scrolls of identify
 D - 3 scrolls of immolation
 O - a scroll of magic mapping
Potions
 c - 2 potions of might
 h - 2 potions of curing
 k - a potion of lignification
 l - a potion of magic
 m - 4 potions of mutation
 p - 4 potions of flight
 q - 2 potions of haste
 t - a potion of berserk rage
 v - a potion of attraction
 w - 2 potions of brilliance


   Skills:
 - Level 2.6 Fighting
 + Level 1.1 Throwing
 - Level 2.5 Dodging
 - Level 0.1 Stealth
 - Level 2.5 Shields
 * Level 17.7 Unarmed Combat


You had 10 spell levels left.
You didn't know any spells.
Your spell library contained the following spells:

 Spells                   Type           Power      Damage    Failure   Level
 Corpse Rot               Necr/Air       0%         N/A       91%         2
 Poisonous Vapours        Pois/Air       0%         N/A       91%         2
 Static Discharge         Conj/Air       0%         N/A       91%         2
 Conjure Ball Lightning   Conj/Air       0%         3x3d6     100%        6
 Maxwell's Capacitive Co  Air            0%         ∞         100%        8


Dungeon Overview and Level Annotations

Branches:
Dungeon (9/15)             Temple (1/1) D:5            Lair (2/6) D:9
Ossuary (visited)
  Swamp: Lair:2-4    Shoals: Lair:2-4     Snake: Lair:2-4    Spider: Lair:2-4
    Orc: D:9-12

Altars:
Ashenzari
Cheibriados
Dithmenos
Elyvilon
Fedhas
Gozag
Hepliaklqana
Kikubaaqudgha
Makhleb
Nemelex Xobeh
Okawaru
Qazlal
Ru
Sif Muna
Trog
Uskayaw
Vehumet
Wu Jian
Xom
Yredelemnul
Zin
The Shining One

Shops:
D:7 =**:


Innate Abilities, Weirdness & Mutations

You are too large for most types of armour.
You have claws for hands.
Your natural rate of healing is unusually fast.
You are covered in fur. (AC +1)
You have tough skin. (AC +1)


Message History

The torpor snail is no longer petrified.
The catoblepas breathes a plume of calcifying dust at you.
The blast of calcifying dust hits you but does no damage.
The yak gores you!
You are engulfed in calcifying dust.
The yak gores you but does no damage.
The catoblepas gores you but does no damage.
The yak gores you.
You are engulfed in calcifying dust.
The yak gores you.
The catoblepas breathes a plume of calcifying dust at you.
The blast of calcifying dust hits you. The yak gores you but does no damage.
You are engulfed in calcifying dust.
The yak gores you! The catoblepas gores you. The yak gores you!
You are engulfed in calcifying dust.
The yak gores you!
A water moccasin comes into view.
The catoblepas gores you!
The torpor snail bites you but does no damage.
The yak gores you but does no damage.
The water moccasin hisses angrily.
The yak is no longer petrified.
The yak gores you! The catoblepas gores you.
The yak gores you but does no damage. The torpor snail bites you!!
You turn to flesh and can move again.
Throw: 16 darts (poison)
Press: ? - help, Q - select action, (/) - cycle Shift-Dir - straight line, f - catoblepas
Aim: a catoblepas (heavily wounded, haloed, 97% to hit)
Okay, then.
As you read the scroll of teleportation, it crumbles to dust.
You feel strangely unstable. The yak gores you. The catoblepas gores you!!
* * * LOW HITPOINT WARNING * * *
The yak gores you.
* * * LOW HITPOINT WARNING * * *
The yak gores you.
* * * LOW HITPOINT WARNING * * *
The torpor snail barely misses you. You block the catoblepas's attack.
Your surroundings suddenly seem different.
A rime drake comes into view.
Found 14 gold pieces.
The rime drake hisses angrily.
The rime drake breathes ice at you. The flash freeze hits you!
You die...

#.......#......####
#..........)....#
#...............#
#..............##
#........>....<#
#..............#
#.............##
#............#.#
#.@...#.#...####
#..k......####..#
≈....$###### ####
......


PP... ####. # You could see a rime drake (catching breath).

Vanquished Creatures
  A boulder beetle (D:8)
  2 two-headed ogres
  4 cane toads
  A black mamba (Lair:2)
  A rime drake (Lair:2)
  2 komodo dragons
  A troll (D:9)
  Sigmund (D:4)
  A wraith (D:8)
  A steam dragon (D:8)
  2 wyverns
  5 yaks
  An acid dragon (D:9)
  Edmund (D:4)
  5 water moccasins
  2 black bears
  2 ice beasts
  5 orc warriors
  3 sky beasts
  A necrophage (D:7)
  3 ogres
  3 centaurs
  A phantom (D:5)
  A kobold brigand (D:8)
  6 bullfrogs
  A gnoll sergeant (D:9)
  2 scorpions (D:5)
  A killer bee (D:8)
  13 wights
  2 howler monkeys (D:8)
  9 hounds
  2 gnoll shamans
  5 orc priests
  4 iguanas
  2 orc wizards
  Natasha (thrice) (D:4)
  10 mummies (Ossuary)
  24 gnolls
  5 adders
  A shadow imp (D:6)
  2 white imps
  5 dart slugs
  33 orcs
  7 endoplasms
  2 giant cockroaches
  10 goblins
  7 hobgoblins
  5 quokkas
  13 ball pythons
  11 bats
  2 frilled lizards
  5 gnoll skeletons (Ossuary)
  A goblin skeleton (Ossuary)
  10 kobolds
  2 orc skeletons (Ossuary)
  11 rat skeletons (Ossuary)
  2 bushes (Temple)
268 creatures vanquished.

Vanquished Creatures (collateral kills)
  A two-headed ogre (D:8)
  A howler monkey (D:8)
  A kobold (D:8)
3 creatures vanquished.

Vanquished Creatures (others)
  3 fungi (Lair:2)
  19 plants
22 creatures vanquished.

Grand Total: 293 creatures vanquished

Notes
Turn   | Place    | Note
-------+----------+-------------------------------------------
     0 | D:1      | n8rtot the Troll Fighter began the quest for the Orb.
     0 | D:1      | Reached XP level 1. HP: 22/22 MP: 0/0
   172 | D:1      | Reached XP level 2. HP: 29/29 MP: 1/1
   568 | D:1      | Reached skill level 3 in Unarmed Combat
   568 | D:1      | Reached XP level 3. HP: 36/36 MP: 2/2
   768 | D:1      | Found a faded altar of an unknown god.
  1942 | D:3      | Reached XP level 4. HP: 44/44 MP: 3/3
  2102 | D:3      | Reached skill level 4 in Unarmed Combat
  2203 | D:3      | Noticed a sky beast
  2217 | D:3      | Killed a sky beast
  2218 | D:3      | Reached skill level 5 in Unarmed Combat
  2218 | D:3      | Reached XP level 5. HP: 50/50 MP: 4/4
  2662 | D:4      | Noticed Natasha
  2689 | D:4      | Killed Natasha
  2739 | D:4      | Noticed Natasha
  2750 | D:4      | Killed Natasha
  2751 | D:4      | Reached skill level 6 in Unarmed Combat
  2751 | D:4      | Reached XP level 6. HP: 46/59 MP: 5/5
  2782 | D:4      | Noticed Edmund
  2820 | D:4      | Killed Edmund
  2821 | D:4      | Reached skill level 7 in Unarmed Combat
  2873 | D:4      | Found a sand-covered staircase.
  2960 | D:4      | Noticed Sigmund
  2972 | Ossuary  | Entered an ossuary
  3083 | Ossuary  | Reached XP level 7. HP: 61/66 MP: 6/6
  3308 | D:4      | Killed Sigmund
  3309 | D:4      | Reached skill level 8 in Unarmed Combat
  3356 | D:4      | Noticed Natasha
  3363 | D:4      | Killed Natasha
  3540 | D:4      | Reached skill level 9 in Unarmed Combat
  3755 | D:4      | Reached XP level 8. HP: 74/74 MP: 7/7
  3779 | D:5      | Entered Level 5 of the Dungeon
  3865 | D:5      | Found a staircase to the Ecumenical Temple.
  3958 | Temple   | Entered the Ecumenical Temple
  4027 | Temple   | Became a worshipper of the Shining One
  4336 | D:5      | Reached skill level 10 in Unarmed Combat
  4787 | D:6      | Reached skill level 11 in Unarmed Combat
  4886 | D:6      | Identified the +0 chain mail of Doydel {rF+ rN+ rCorr}
  4940 | D:6      | Reached XP level 9. HP: 80/80 MP: 8/8
  5075 | D:6      | Reached skill level 12 in Unarmed Combat
  5216 | D:6      | Reached * piety under the Shining One
  5429 | D:7      | Found Monyjesoro's Jewellery Shop.
  5460 | D:7      | Found Casm's General Store.
  5529 | D:7      | Found Wioklaa's Book Boutique.
  5571 | D:7      | Reached skill level 13 in Unarmed Combat
  5589 | D:7      | Found Deisogef's Assorted Antiques.
  6176 | D:7      | Bought an amulet of regeneration for 330 gold pieces
  6217 | D:8      | Reached ** piety under the Shining One
  6629 | D:8      | Noticed a two-headed ogre
  6642 | D:8      | Killed a two-headed ogre
  6643 | D:8      | Reached skill level 14 in Unarmed Combat
  6643 | D:8      | Reached XP level 10. HP: 88/88 MP: 9/9
  6706 | D:8      | Noticed a two-headed ogre
  6711 | D:8      | Noticed a boulder beetle
  6717 | D:8      | HP: 4/88 [boulder beetle (28)]
  6746 | D:8      | Killed a boulder beetle
  6747 | D:8      | Reached skill level 15 in Unarmed Combat
  6765 | D:8      | Killed a two-headed ogre
  6870 | D:8      | Identified a scroll of acquirement
  6872 | D:8      | Acquired 1116 gold pieces
  7162 | D:7      | Bought a scroll of teleportation for 33 gold pieces
  7185 | D:7      | Bought the amulet "Jainut" {RegenMP Rampage Dex+4} for 499
                  | gold pieces
  7185 | D:7      | Bought a ring of positive energy for 220 gold pieces
  7329 | D:9      | Noticed a two-headed ogre
  7336 | D:9      | Killed a two-headed ogre
  7337 | D:9      | Reached skill level 16 in Unarmed Combat
  7384 | D:9      | Got Sif Muna's Papyrus of Lightness
  7495 | D:9      | Found a staircase to the Lair.
  7512 | D:9      | Reached XP level 11. HP: 91/96 MP: 10/10
  7582 | D:9      | Reached *** piety under the Shining One
  7786 | D:9      | Found a shimmering altar of Xom.
  7891 | Lair:1   | Entered Level 1 of the Lair of Beasts
  8045 | Lair:1   | You fall into a shaft and drop 1 floor!
  8055 | Lair:2   | Reached skill level 1 in Throwing
  8124 | Lair:2   | Reached skill level 17 in Unarmed Combat
  8366 | Lair:1   | Noticed a four-headed hydra
  8669 | Lair:2   | Noticed a catoblepas
  8688 | Lair:2   | Killed from afar by a rime drake

Illustrated notes

Levels and vault maps discovered:
D:1:      dpeg_arrival_castle, layout_basic, dilly_ecumenical_altar_fadedgnrine
D:2:      layout_basic
D:3:      layout_loops_ring, st_stairs_8
D:4:      wad_lake_hut, layout_basic, nicolae_ossuary_entry_monument,
          uniq_sigmund, uniq_natasha, uniq_edmund
D:5:      layout_loops_ring, minmay_temple_entry_glass, minivault_19,
          nrook_loot_triangle
D:6:      layout_rooms
D:7:      layout_gridville, serial_shops, nicolae_diamond_shop,
          nicolae_shop_trees, nicolae_shop_advertising_works
          [nicolae_subvault_shop_adworks], nicolae_shop_window_shopping
D:8:      minmay_slanted_spiral_squares, layout_cave_pools, serial_column_ruins,
          column_ruins_hut_pillars, column_ruins_hut, column_ruins_open_medium,
          column_ruins_open_medium, column_ruins_columns_dead_end,
          column_ruins_columns_straight, chequers_serial_rivers_micro_a,
          chequers_mini_garden, minmay_misc_feat_alley
D:9:      layout_rooms, amcnicky_altar_gilded, lair_entry_dummy
Temple:   kilobyte_greek_temple
Lair:1:   layout_regular_city, st_stairs_5, grunt_megastairs_4,
          infiniplex_staircase_pool_2
Lair:2:   layout_gridlike, bobbens_dragon_lair_wall, grunt_megastairs_3

Skill      XL: |  1  2  3  4  5  6  7  8  9 10 11 |
---------------+----------------------------------+-----
Unarmed Combat | 3 5 6 7 9 11 14 16 17 | 17.7
Throwing       | 1 |  1.1
Fighting       | |  2.6
Dodging        | |  2.5
Stealth        | |  0.1
Shields        | |  2.5

Action                   |  1- 3 |  4- 6 |  7- 9 | 10-12 || total
-------------------------+-------+-------+-------+-------++-------
Melee: Unarmed           |   142 |   139 |   300 |   169 ||   750
Throw: Dart              |       |       |       |     4 ||     4
  Use: Scroll            |       |       |    19 |     9 ||    28
       Potion            |       |       |     4 |     2 ||     6
 Stab: Sleeping          |     1 |       |       |       ||     1
Armor: Robe              |   103 |    17 |    60 |     8 ||   188
       Steam dragon scal |       |       |       |    56 ||    56
Dodge: Dodged            |    72 |    40 |    60 |    63 ||   235
Block: Kite shield       |    79 |    41 |    71 |    59 ||   250

Table legend: (Time is in decaauts)
 A = Elapsed time spent in this place.
 B = Non-inter-level travel time spent in this place.
 C = Inter-level travel time spent in this place.
 D = Time resting spent in this place.
 E = Time spent auto-exploring this place.
 F = Levels seen in this place.
 G = Mean time per level.
                   A        B        C        D        E       F      G
               +--------+--------+--------+--------+--------+-----+--------+
         Total |   8715 |   8715 |      0 |    112 |    120 |  13 |  670.4 |
       Dungeon |   7356 |   7356 |      0 |    112 |    120 |   9 |  817.3 |
        Temple |    244 |    244 |      0 |      0 |      0 |   1 |  244.0 |
          Lair |    795 |    795 |      0 |      0 |      0 |   2 |  397.5 |
       Ossuary |    319 |    319 |      0 |      0 |      0 |   1 |  319.0 |
               +--------+--------+--------+--------+--------+-----+--------+

Top non-repeatable levels by time:
     D:7: 1178 daAuts
     D:2: 1001 daAuts
     D:1: 943 daAuts
     D:4: 930 daAuts
     D:8: 879 daAuts
     D:5: 687 daAuts
     D:3: 657 daAuts
     D:9: 568 daAuts
  Lair:1: 509 daAuts
     D:6: 509 daAuts
 Ossuary: 319 daAuts
  Lair:2: 285 daAuts
  Temple: 244 daAuts
